 Dungeon Crawl Stone Soup version 0.25-a0-665-ga69d64035b (webtiles) character file.

Game seed: 3120222660273944328, levelgen mode: deterministic

3733 kae the Arsonist (level 10, -5/50 HPs)
             Began as a Tengu Fire Elementalist on Mar 26, 2020.
             Was a Believer of Vehumet.
             Slain by Harold
             ... wielding a +0 battleaxe
              (23 damage)
             ... on level 7 of the Dungeon.
             The game lasted 00:12:55 (10763 turns).

kae the Arsonist (Tengu Fire Elementalist)         Turns: 10763, Time: 00:12:55

Health: -5/50      AC:  3    Str:  9    XL:     10   Next: 14%
Magic:  4/21       EV:  7    Int: 26    God:    Vehumet [**....]
Gold:   486        SH:  0    Dex: 15    Spells: 11/23 levels left

rFire    + . .     SeeInvis .   b - +2 short sword (venom)
rCold    x . .     Gourm    .   f - +3 buckler
rNeg     + . .     Faith    .   j - +0 leather armour (curse)
rPois    .         Spirit   .   (helmet restricted)
rElec    .         Reflect  .   (no cloak)
rCorr    .         Harm     .   (no gloves)
MR       .....                  (boots unavailable)
Stlth    ++........             (no amulet)
HPRegen  0.16/turn              d - ring of fire
MPRegen  0.17/turn              m - ring "Fehyib" {rN+ Int+8 Slay+3}

@: marked, flying quickly and evasively, held, quick
A: beak, talons 3, able to fly
a: Stop Flying, Renounce Religion


You were on level 7 of the Dungeon.
You worshipped Vehumet.
Vehumet was pleased with you.
You were near starving.

You visited 2 branches of the dungeon, and saw 8 of its levels.
You also visited: Bailey.

You collected 486 gold pieces.

Inventory:

Hand Weapons
 b - a +2 short sword of venom (weapon)
Armour
 a - a +0 robe
 f - a +3 buckler (worn)
 j - a cursed +0 leather armour (worn)
Jewellery
 d - a ring of fire (left hand)
 e - an uncursed ring of stealth
 g - a +3 ring of strength
 m - the ring "Fehyib" (right hand) {rN+ Int+8 Slay+3}
   (You took it off a gnoll sergeant in a bailey)

   [ring of positive energy]

   It affects your intelligence (+8).
   It affects your accuracy and damage with ranged weapons and melee attacks
   (+3).
   It protects you from negative energy.
 o - an uncursed ring of poison resistance {unknown}
Wands
 t - a wand of enslavement (9)
Scrolls
 h - a scroll of amnesia
 i - 2 scrolls of remove curse
 l - 6 scrolls of enchant armour
Potions
 k - a potion of stabbing
 n - 2 potions of flight
 r - a potion of cancellation
Comestibles
 c - 12 rations


   Skills:
 - Level 3.0 Armour
 - Level 2.1 Dodging
 - Level 2.0 Stealth
 - Level 4.0 Shields
 + Level 7.1 Spellcasting
 - Level 4.0 Conjurations
 * Level 11.8 Fire Magic


You had 11 spell levels left.
You knew the following spells:

 Your Spells              Type           Power        Failure   Level  Hunger
a - Foxfire               Conj/Fire      ####         1%          1    None
b - Conjure Flame         Conj/Fire      ######..     1%          3    None
c - Inner Flame           Hex/Fire       ######..     2%          3    None
d - Sticky Flame          Conj/Fire      ######..     3%          4    ###....
e - Shock                 Conj/Air       ###.         3%          1    None

Your spell library contained the following spells:

 Spells                   Type           Power        Failure   Level  Hunger
 Freeze                   Ice            #...         9%          1    None
 Beastly Appendage        Tmut           #.....       9%          1    None
 Sandblast                Erth           #.....       9%          1    None
 Fireball                 Conj/Fire      ######....   9%          5    #####..
 Stone Arrow              Conj/Erth      ###...       11%         3    None
 Passwall                 Tmut/Erth      #.......     13%         2    None
 Sticks to Snakes         Tmut           #.......     13%         2    None
 Spider Form              Tmut/Pois      #.........   26%         3    None
 Ice Form                 Ice/Tmut       #.......     63%         4    ###....
 Petrify                  Tmut/Erth      #.......     63%         4    ###....
 Blade Hands              Tmut           #.........   93%         5    #####..
 Lee's Rapid Deconstruct  Erth           #.........   93%         5    #####..


Dungeon Overview and Level Annotations

Branches:
Dungeon (7/15)             Temple (1/1) D:4          Bailey (visited)

Altars:
Ashenzari
Cheibriados
Dithmenos
Elyvilon
Fedhas
Gozag
Hepliaklqana
Kikubaaqudgha
Makhleb
Nemelex Xobeh
Okawaru
Qazlal
Ru
Sif Muna
Trog
Uskayaw
Vehumet
Wu Jian
Xom
Yredelemnul
Zin
The Shining One

Shops:
D:4 %   D:6 [

Annotations:
D:7 Harold


Innate Abilities, Weirdness & Mutations

You have a beak for a mouth.
You have claws for feet.
You can fly continuously.


Message History

Harold is covered in liquid flames!
You are near starving!
Harold burns!
Harold closely misses you.
Casting: Sticky Flame (safe; 3% risk of failure)
Confirm with . or Enter, or press ? or * to list all spells.
Aiming: Sticky Flame (safe; 3% risk of failure)
Press: ? - help, Shift-Dir - straight line, f/p - Harold
Aim: Harold, wielding a +0 battleaxe, wearing a +0 scale mail and quivering 3 throwing nets (moderately wounded, covered in liquid flames)
You feel a surge of power!
The sticky flame hits Harold.
Harold is moderately wounded.
Harold is covered in liquid flames!
Harold burns!
Casting: Sticky Flame (safe; 3% risk of failure)
Confirm with . or Enter, or press ? or * to list all spells.
Aiming: Sticky Flame (safe; 3% risk of failure)
Press: ? - help, Shift-Dir - straight line, f/p - Harold
Aim: Harold, wielding a +0 battleaxe, wearing a +0 scale mail and quivering 3 throwing nets (heavily wounded, covered in liquid flames)
You feel a surge of power!
The sticky flame hits Harold.
Harold is heavily wounded.
Harold burns!
Harold hits you with a +0 battleaxe!!
You die...

##################
#............(...#
#................#
######'##..#..>.@...#
........####...##@..#
........# #...##...#
........# #....#...#
........# #....#...#
...###### #.####...#
...# #...####### ...#
#...#.....# ...#
#...'.....#


You could see Harold (burning).

Vanquished Creatures
  Pikel (D:7)
  A hippogriff (D:7)
  Sigmund (D:5)
  Menkaure (D:7)
  Edmund (D:4)
  A water moccasin (D:7)
  An ice beast (D:7)
  2 slaves (D:7)
  A phantom (D:7)
  A sky beast (D:6)
  An ogre (D:5)
  A necrophage (D:7)
  A centaur (D:6)
  Blork the orc (D:4)
  A bullfrog (D:6)
  8 gnoll sergeants (Bailey)
  A scorpion (D:7)
  2 killer bees (D:7)
  2 howler monkeys
  A crimson imp (D:6)
  2 bullfrog zombies
  3 hounds
  5 orc priests
  2 centaur skeletons (D:4)
  6 gnoll shamans (Bailey)
  2 jellies
  A bullfrog skeleton (D:5)
  An orc wizard (D:3)
  An iguana (D:5)
  6 worker ants
  A mummy (D:6)
  2 worker ant zombies (D:7)
  8 adders
  17 gnolls
  An adder zombie (D:6)
  An adder skeleton (D:6)
  2 worms
  3 dart slugs (D:2)
  7 leopard geckos
  17 orcs
  6 bats
  6 giant cockroaches
  10 hobgoblins
  8 jackals
  6 kobolds
  4 quokkas
  8 frilled lizards
  10 goblins
  5 rats
181 creatures vanquished.

Vanquished Creatures (others)
  A slave (D:7)
  A crimson imp (D:7)
  692 foxfires
694 creatures vanquished.

Grand Total: 875 creatures vanquished

Notes
Turn   | Place    | Note
-------+----------+-------------------------------------------
     0 | D:1      | kae the Tengu Fire Elementalist began the quest for the
                  | Orb.
     0 | D:1      | Reached XP level 1. HP: 10/10 MP: 4/4
    94 | D:1      | Reached XP level 2. HP: 15/15 MP: 3/6
   606 | D:2      | Noticed a howler monkey
   613 | D:2      | Killed a howler monkey
   613 | D:2      | Reached skill level 4 in Fire Magic
   613 | D:2      | Reached XP level 3. HP: 12/19 MP: 2/7
   621 | D:2      | Reached XP level 4. HP: 13/24 MP: 0/8
  1582 | D:2      | Gained mutation: You can fly continuously. [Tengu growth]
  1582 | D:2      | Reached XP level 5. HP: 28/28 MP: 5/10
  2120 | D:3      | Reached skill level 5 in Fire Magic
  2693 | D:3      | Reached XP level 6. HP: 17/32 MP: 3/11
  2834 | D:3      | Learned a level 3 spell: Conjure Flame
  2838 | D:3      | Learned a level 3 spell: Inner Flame
  2843 | D:3      | Learned a level 4 spell: Sticky Flame
  3417 | D:3      | Found a snail-covered altar of Cheibriados.
  3587 | D:4      | Found Kustuzog's Food Emporium.
  3647 | D:4      | Noticed Blork the orc
  3656 | D:4      | Killed Blork the orc
  3668 | D:4      | Reached skill level 1 in Armour
  3668 | D:4      | Reached skill level 6 in Fire Magic
  3678 | D:4      | Reached skill level 1 in Shields
  3947 | D:4      | Noticed Edmund
  3966 | D:4      | Killed Edmund
  3966 | D:4      | Reached XP level 7. HP: 7/36 MP: 10/13
  4382 | D:4      | HP: 1/36 [orc priest/divine providence (7)]
  4736 | D:4      | Found a staircase to the Ecumenical Temple.
  4892 | Temple   | Entered the Ecumenical Temple
  5047 | Temple   | Became a worshipper of Vehumet
  5602 | D:5      | Entered Level 5 of the Dungeon
  5656 | D:5      | Reached skill level 7 in Fire Magic
  5670 | D:5      | Noticed Sigmund
  5681 | D:5      | Killed Sigmund
  5681 | D:5      | Reached XP level 8. HP: 39/41 MP: 11/15
  6659 | D:6      | Reached skill level 8 in Fire Magic
  6884 | D:6      | Found Lyqa's Antique Armour Boutique.
  7027 | D:6      | Reached skill level 5 in Spellcasting
  7200 | D:6      | Found a snail-covered altar of Cheibriados.
  7448 | D:7      | Reached * piety under Vehumet
  7448 | D:7      | Offered knowledge of Shock by Vehumet.
  7451 | D:7      | Learned a level 1 spell: Shock
  7507 | D:7      | Noticed a hippogriff
  7526 | D:7      | Killed a hippogriff
  7526 | D:7      | Reached skill level 9 in Fire Magic
  7526 | D:7      | Reached XP level 9. HP: 40/45 MP: 7/18
  7561 | D:7      | Found a flagged portal.
  7588 | Bailey   | Entered a bailey
  8914 | Bailey   | Reached skill level 10 in Fire Magic
 10045 | Bailey   | Identified the ring "Fehyib" {rN+ Int+8 Slay+3}
 10275 | D:7      | Noticed Pikel
 10275 | D:7      | Noticed Menkaure
 10307 | D:7      | Killed Menkaure
 10307 | D:7      | Reached skill level 11 in Fire Magic
 10421 | D:7      | Killed Pikel
 10421 | D:7      | Reached XP level 10. HP: 14/50 MP: 17/21
 10642 | D:7      | Reached ** piety under Vehumet
 10642 | D:7      | Offered knowledge of Freeze by Vehumet.
 10754 | D:7      | Noticed Harold
 10763 | D:7      | Slain by Harold

Levels and vault maps discovered:
D:1:      wander_arrival_chamber, layout_loops_ring, grunt_decor_fettered
D:2:      layout_basic, first_ration
D:3:      layout_loops_corners, lemuel_doored_altar, serial_forest,
          infiniplex_forest_straight_3, infiniplex_forest_clump_curved,
          infiniplex_forest_end_1, infiniplex_forest_zigzag_1,
          infiniplex_forest_corner_1, infiniplex_forest_clump_cross
D:4:      layout_basic, minmay_temple_entry_glassed_door, serial_shops, shop,
          uniq_edmund, uniq_blork_the_orc
D:5:      layout_basic, st_stairs_7, minmay_bent, uniq_sigmund
D:6:      layout_basic, serial_shops, nicolae_shop_statue_plus,
          chei_slow_surprise
D:7:      layout_gridville, enter_bailey_3, grunt_livestock, uniq_harold,
          uniq_pikel, uniq_joseph, uniq_menkaure
Temple:   minmay_crystal_snake_temple

Skill      XL: |  1  2  3  4  5  6  7  8  9 |
---------------+----------------------------+-----
Conjurations   | 2 3 4 |  4.0
Fire Magic     | 4 5 6 7 9 11 | 11.8
Spellcasting   | 3 4 5 7 |  7.1
Armour         | 1 2 3 |  3.0
Shields        | 1 2 4 |  4.0
Dodging        | |  2.1
Stealth        | |  2.0

Action                   |  1- 3 |  4- 6 |  7- 9 | 10-12 || total
-------------------------+-------+-------+-------+-------++-------
Melee: Unarmed           |     3 |    57 |       |       ||    60
       Kick              |     1 |    17 |    17 |     1 ||    36
       Peck              |       |    17 |    11 |       ||    28
       Short sword       |       |    42 |    74 |     3 ||   119
 Cast: Foxfire           |    19 |    90 |   324 |    15 ||   448
       Sticky Flame      |       |       |     6 |     4 ||    10
       Inner Flame       |       |       |     2 |       ||     2
       Conjure Flame     |       |       |     1 |       ||     1
 Abil: Fly               |       |       |     1 |       ||     1
  Use: Scroll            |       |     3 |    10 |       ||    13
       Potion            |       |     8 |     5 |       ||    13
 Stab: Sleeping          |       |     3 |     2 |       ||     5
       Held in net/web   |       |       |     1 |       ||     1
  Eat: Chunk             |       |    10 |    20 |       ||    30
Armor: Robe              |     3 |     8 |       |       ||    11
       Leather armour    |       |     5 |    22 |       ||    27
Dodge: Dodged            |    11 |    94 |   115 |     8 ||   228
Block: Buckler           |       |    11 |    86 |     4 ||   101

Table legend:
 A = Non-vault XP
 B = Vault XP
 C = Vault XP percentage of total XP
 D = Non-vault monster count
 E = Vault monster count
 F = Vault count percentage of total count
                 A         B        C        D         E       F
            +---------+---------+-------+---------+---------+-------
      Total |    2660 |    2673 |  50.1 |     135 |      44 |  24.6
            +---------+---------+-------+---------+---------+-------
        D:1 |      17 |       0 |   0.0 |      11 |       0 |   0.0
        D:2 |     156 |       0 |   0.0 |      34 |       0 |   0.0
        D:3 |     195 |       0 |   0.0 |      32 |       0 |   0.0
        D:4 |     330 |     268 |  44.8 |      23 |       2 |   8.0
        D:5 |     312 |     355 |  53.2 |       8 |       5 |  38.5
        D:6 |     593 |      18 |   2.9 |      15 |       1 |   6.2
        D:7 |    1057 |     821 |  43.7 |      12 |       6 |  33.3
     Bailey |       0 |    1211 | 100.0 |       0 |      30 | 100.0
            +---------+---------+-------+---------+---------+-------
